Map: Thunderbird LE

Players

daintySPLASH - Winner!

  • Race: Terran Terran
  • Spawn Location: 11:00

A.I. 1 (Easy)

  • Race: Protoss Protoss
  • Spawn Location: 5:00

VOD

Have the link to the VOD?

Description

Time

  • Played on: May 31, 2019, 8 p.m.
  • Length: 6:20
Show
View Real Time Build Order
Export as new Build Order

daintySPLASH Terran - Winner!

Build Orders:  

Get SALT Encoding   

  12  0:00  SCV  
  13  0:13  SCV  
  14  0:17  Supply Depot  
  14  0:25  SCV  
  14  0:28  Refinery  
  15  0:40  Barracks  
  15  0:44  SCV  
  16  0:56  SCV  
  17  1:08  SCV  
  18  1:27  Orbital Command  
  18  1:33  Barracks Reactor  
  18  1:46  Command Center  
  18  1:54  SCV  
  18  1:59  Supply Depot  
  19  2:06  SCV  
  20  2:09  Reaper x2  
  22  2:18  SCV  
  23  2:23  Barracks  
  23  2:29  Barracks  
  23  2:33  SCV  
  24  2:38  Refinery  
  24  2:42  Reaper x2  
  26  2:47  SCV  
  28  2:58  SCV  
  28  3:10  Engineering Bay  
  28  3:12  Unknown  
  28  3:14  Barracks Reactor  
  28  3:16  SCV, Barracks Reactor  
  28  3:18  SCV  
  30  3:24  Reaper  
  30  3:28  Reaper  
  30  3:31  SCV  
  32  3:35  SCV  
  32  3:40  Supply Depot  
  33  3:44  Terran Infantry Weapons Level 1  
  33  3:45  SCV  
  34  3:50  Unknown  
  34  3:53  SCV  
  35  3:56  Reaper x2  
  35  3:59  Reaper  
  38  4:04  SCV, Reaper  
  38  4:07  SCV  
  38  4:09  Reaper  
  42  4:16  SCV  
  43  4:18  Reaper  
  43  4:21  SCV  
  45  4:27  Supply Depot  
  45  4:28  Reaper  
  47  4:34  Planetary Fortress  
  46  4:48  Reaper x2  
  46  4:49  Reaper x2  
  46  4:52  Reaper  
  51  5:00  Reaper  
  48  5:20  Reaper  
  48  5:21  Reaper x3  
  48  5:24  Reaper  
  51  5:32  Reaper  
Show
View Real Time Build Order
Export as new Build Order

A.I. 1 (Easy) Protoss 

Build Orders:  

Get SALT Encoding   

  12  0:00  Probe  
  13  0:13  Probe  
  14  0:19  Pylon  
  14  0:25  Probe  
  15  0:33  Probe  
  16  0:44  Assimilator  
  16  0:50  Gateway  
  16  0:53  Pylon  
  16  1:16  Assimilator  
  16  1:29  Zealot  
  18  1:41  Cybernetics Core  
  18  1:44  Probe  
  19  1:56  Pylon  
  19  1:58  Probe  
  20  2:06  Probe  
  20  2:07  Warp Gate  
  20  2:14  Probe  
  21  2:17  Adept  
  24  2:25  Probe  
  25  2:37  Probe  
  26  2:47  Stalker  
  28  3:17  Adept  
  30  5:06  Stalker  
  32  5:08  Pylon  
  28  5:21  Zealot  
  26  5:29  Probe  
  24  5:36  Stalker  
  24  5:43  Probe  
  24  5:46  Robotics Facility  
  24  5:48  Pylon  
  23  5:56  Probe  
  19  5:58  Zealot  
  13  6:08  Probe  
Tags
 
Add a new tag
Caveats
  • Supply blocks, unpowered buildings, or Contaminate may cause inaccurate times.
  • Supply counts are checked every 10 seconds.